MID
LEXINGTON LEGENDS @ WEST MICHIGAN WHITECAPS
09/21/2045
 
TOP OF THE 1ST
Lexington Legends batting - Pitching for West Michigan Whitecaps : RHP Ricky Tercero
Pitching: RHP Ricky Tercero
Batting: RHB Doug Carter 0-0: Foul Ball, location: 2F
0-1: Foul Ball, location: 2F
0-2: Ball
1-2: Ground out 6-3 (Groundball, 56, EV 103.1 MPH)
Batting: RHB Andy Urquhart 0-0: Called Strike
0-1: Ball
1-1: Foul Ball, location: 2F
1-2: Strikes out swinging
Batting: RHB Pete Deschamps 0-0: Swinging Strike
0-1: Ball
1-1: Called Strike
1-2: Strikes out swinging
Top of the 1st over - 0 runs, 0 hits, 0 errors, 0 left on base; Lexington 0 - West Michigan 0
BOTTOM OF THE 1ST
West Michigan Whitecaps batting - Pitching for Lexington Legends : LHP Brian Carlson
Pitching: LHP Brian Carlson
Batting: RHB Tanner Purchase 0-0: Ball
1-0: Called Strike
1-1: Foul Ball, location: 2F
1-2: Ball
2-2: Foul Ball, location: 2F
2-2: Ball
3-2: Base on Balls
Batting: SHB Sean Foley 0-0: Ball
1-0: Ball
2-0: Ball
3-0: Called Strike
3-1: DOUBLE (Flyball, 78D, EV 96.2 MPH)
Tanner Purchase to third
Batting: SHB Ross Holland 0-0: Called Strike
0-1: Swinging Strike
0-2: SINGLE (Groundball, 25, EV 66.9 MPH) (infield hit)
Batting: RHB John Evancho 0-0: Ball
1-0: Ball
2-0: SINGLE (Groundball, 4MD, EV 98.1 MPH)
Tanner Purchase scores
Sean Foley to third
Ross Holland to second
Runner from 3rd tries for Home, throw by CF and OUT! 8-2
Batting: RHB Jordan Mejias 0-0: DOUBLE (Flyball, 8LXD, EV 108.1 MPH)
Ross Holland scores
John Evancho to third
Runner from 3rd tries for Home, SAFE, no throw by CF
Batting: SHB Jared Boyce 0-0: Foul Ball, location: 2F
0-1: 2-RUN HOME RUN (Flyball, 78XD, EV 102.5 MPH), Distance : 416 ft
Batting: RHB Victor Reyes 0-0: Foul Ball, location: 2F
0-1: Ball
1-1: Foul Ball, location: 2F
1-2: Ball
2-2: Ball
3-2: Foul Ball, location: 2F
3-2: DOUBLE (Line Drive, 7LM, EV 106.9 MPH)
Batting: LHB Oscar Gonzalez 0-0: Ball
1-0: Ball
2-0: Called Strike
2-1: Ball
3-1: Called Strike
3-2: Ground out 5-3 (Groundball, 5S, EV 88.8 MPH)
Batting: RHB Jordan Hall 0-0: Ball
1-0: Ball
2-0: Ball
3-0: Base on Balls
Batting: RHB Tanner Purchase 0-0: Called Strike
0-1: Ball
1-1: Swinging Strike
1-2: Ball
2-2: Foul Ball, location: 2F
2-2: Ball
3-2: Base on Balls
Victor Reyes to third
Jordan Hall to second
Batting: SHB Sean Foley 0-0: DOUBLE (Line Drive, 9LM, EV 100.6 MPH)
Victor Reyes scores
Jordan Hall scores
Tanner Purchase to third
Batting: SHB Ross Holland 0-0: SINGLE (Flyball, 3D, EV 98.8 MPH)
Tanner Purchase scores
Sean Foley to third
Runner from 3rd tries for Home, throw by RF and OUT! 9-2
Bottom of the 1st over - 8 runs, 8 hits, 0 errors, 1 left on base; Lexington 0 - West Michigan 8
TOP OF THE 2ND
Lexington Legends batting - Pitching for West Michigan Whitecaps : RHP Ricky Tercero
Batting: LHB Robert Wilkins 0-0: Fly out, F3 (Line Drive, 3, EV 68.8 MPH)
Batting: SHB Dan Langston 0-0: Called Strike
0-1: Called Strike
0-2: Strikes out swinging
Batting: RHB Ben Garrett 0-0: Ball
1-0: Called Strike
1-1: Foul Ball, location: 2F
1-2: Strikes out swinging
Top of the 2nd over - 0 runs, 0 hits, 0 errors, 0 left on base; Lexington 0 - West Michigan 8
BOTTOM OF THE 2ND
West Michigan Whitecaps batting - Pitching for Lexington Legends : LHP Brian Carlson
Pitching: RHP Ron Bubar
Batting: RHB John Evancho 0-0: Ball
1-0: Ball
2-0: Ball
3-0: Called Strike
3-1: Base on Balls
Batting: RHB Jordan Mejias Balk!
John Evancho to second
0-0: Ball
1-0: Foul Ball, location: 2F
1-1: Hit by Pitch
Batting: SHB Jared Boyce 0-0: Ball
1-0: Ball
2-0: Foul Ball, location: 2F
2-1: Foul Ball, location: 2F
2-2: Ball
3-2: Hit by Pitch
John Evancho to third
Jordan Mejias to second
Batting: RHB Victor Reyes 0-0: Ball
1-0: Ball
2-0: Ball
3-0: Base on Balls
John Evancho scores
Jordan Mejias to third
Jared Boyce to second
Batting: LHB Oscar Gonzalez 0-0: Foul Ball, location: 2F
0-1: Swinging Strike
0-2: Fielders Choice at 2nd, 6-4 (Groundball, 6, EV 80.0 MPH)
Jordan Mejias scores
Jared Boyce to third
Batting: RHB Jordan Hall 0-0: Ball
1-0: Foul Ball, location: 2F
1-1: Ball
2-1: SINGLE (Flyball, 8LS, EV 90.0 MPH)
Jared Boyce scores
Oscar Gonzalez to second
Batting: RHB Tanner Purchase 0-0: Ball
1-0: Called Strike
1-1: Ball
2-1: Ball
3-1: Swinging Strike
3-2: DOUBLE (Line Drive, 8LXD, EV 99.4 MPH)
Oscar Gonzalez scores
Jordan Hall to third
Batting: SHB Sean Foley 0-0: Called Strike
0-1: Foul Ball, location: 2F
Balk!
Jordan Hall scores
Tanner Purchase to third
0-2: Ball
1-2: 2-RUN HOME RUN (Flyball, 7D, EV 93.1 MPH), Distance : 371 ft
Batting: SHB Ross Holland 0-0: Foul Ball, location: 2F
0-1: Foul Ball, location: 2F
0-2: Ball
1-2: Strikes out looking
Batting: RHB John Evancho 0-0: Fly out, F4 (Flyball, 3D, EV 87.5 MPH)
Bottom of the 2nd over - 7 runs, 3 hits, 0 errors, 0 left on base; Lexington 0 - West Michigan 15
TOP OF THE 3RD
Lexington Legends batting - Pitching for West Michigan Whitecaps : RHP Ricky Tercero
Batting: RHB Bryan Alfaro 0-0: SINGLE (Groundball, 34D, EV 105.0 MPH)
Batting: RHB Grant Conlon 0-0: Ball
1-0: Ball
2-0: Ball
3-0: Called Strike
3-1: Foul Ball, location: 2F
3-2: Foul Ball, location: 2F
3-2: Strikes out looking
Batting: RHB Kunimatsu Oya 0-0: Foul Ball, location: 2F
0-1: Called Strike
0-2: Strikes out swinging
Batting: RHB Doug Carter 0-0: Foul Ball, location: 2F
0-1: Ball
1-1: Ground out 6-3 (Groundball, P, EV 94.4 MPH)
Top of the 3rd over - 0 runs, 1 hit, 0 errors, 1 left on base; Lexington 0 - West Michigan 15
BOTTOM OF THE 3RD
West Michigan Whitecaps batting - Pitching for Lexington Legends : RHP Ron Bubar
Batting: RHB Jordan Mejias 0-0: Ball
1-0: Ball
2-0: Ball
3-0: Base on Balls
Batting: SHB Jared Boyce 0-0: Called Strike
0-1: Ball
1-1: SINGLE (Line Drive, 56D, EV 102.5 MPH)
Jordan Mejias to second
Batting: RHB Victor Reyes 0-0: Hit by Pitch
Jordan Mejias to third
Jared Boyce to second
Batting: LHB Oscar Gonzalez 0-0: Ball
1-0: Ball
2-0: Ball
3-0: Base on Balls
Jordan Mejias scores
Jared Boyce to third
Victor Reyes to second
Batting: RHB Jordan Hall 0-0: Called Strike
0-1: SINGLE (Line Drive, 7LS, EV 111.9 MPH)
Jared Boyce scores
Victor Reyes to third
Oscar Gonzalez to second
Batting: RHB Tanner Purchase 0-0: Foul Ball, location: 2F
0-1: Called Strike
0-2: Ball
1-2: Ball
2-2: Ball
3-2: Base on Balls
Victor Reyes scores
Oscar Gonzalez to third
Jordan Hall to second
Batting: SHB Sean Foley 0-0: Called Strike
0-1: Ball
1-1: Ball
2-1: Ball
3-1: Base on Balls
Oscar Gonzalez scores
Jordan Hall to third
Tanner Purchase to second
Batting: SHB Ross Holland 0-0: Ball
1-0: Ball
2-0: Ball
3-0: Called Strike
3-1: Called Strike
3-2: Foul Ball, location: 2F
3-2: Base on Balls
Jordan Hall scores
Tanner Purchase to third
Sean Foley to second
Batting: RHB John Evancho 0-0: Fly out, F6 (Popup, 6S, EV 69.4 MPH)
Batting: RHB Jordan Mejias 0-0: Foul Ball, location: 2F
0-1: Grounds into fielders choice 1-2 (Groundball, 15S, EV 70.6 MPH)
Sean Foley to third
Ross Holland to second
Batting: SHB Jared Boyce 0-0: Swinging Strike
0-1: Ball
1-1: Ball
Wild Pitch!
Sean Foley scores
Ross Holland to third
Jordan Mejias to second
2-1: Ball
Wild Pitch!
Ross Holland scores
Jordan Mejias to third
3-1: Base on Balls
Batting: RHB Victor Reyes 0-0: Swinging Strike
0-1: SINGLE (Groundball, 6MD, EV 100.6 MPH)
Jordan Mejias scores
Jared Boyce to second
Batting: LHB Oscar Gonzalez 0-0: Foul Ball, location: 2F
0-1: Ball
1-1: Swinging Strike
1-2: Ball
2-2: Strikes out swinging
Bottom of the 3rd over - 8 runs, 3 hits, 0 errors, 2 left on base; Lexington 0 - West Michigan 23
TOP OF THE 4TH
Lexington Legends batting - Pitching for West Michigan Whitecaps : RHP Ricky Tercero
Batting: RHB Andy Urquhart 0-0: Foul Ball, location: 2F
0-1: Swinging Strike
0-2: Strikes out looking
Batting: RHB Pete Deschamps 0-0: Ball
1-0: Foul Ball, location: 2F
1-1: Ball
2-1: Reached on error, E5 (Groundball, 56, EV 81.9 MPH)
Batting: LHB Robert Wilkins 0-0: Swinging Strike
0-1: Ball
1-1: Foul Ball, location: 2F
1-2: Foul Ball, location: 2F
1-2: Ball
2-2: Foul Ball, location: 2F
2-2: Ball
3-2: Strikes out looking
Batting: SHB Dan Langston 0-0: Ground out 4-3 (Groundball, 4M, EV 83.8 MPH)
Top of the 4th over - 0 runs, 0 hits, 1 error, 1 left on base; Lexington 0 - West Michigan 23
BOTTOM OF THE 4TH
West Michigan Whitecaps batting - Pitching for Lexington Legends : RHP Ron Bubar
Batting: RHB Jordan Hall 0-0: DOUBLE (Line Drive, 3D, EV 99.4 MPH)
Batting: RHB Tanner Purchase 0-0: Foul Ball, location: 2F
0-1: Ground out 5-3 (Groundball, 5S, EV 83.1 MPH)
DELAY Rain delay of 40 minutes in the 4th inning.
Batting: SHB Sean Foley 0-0: Ball
1-0: DOUBLE (Line Drive, 89D, EV 100.6 MPH)
Jordan Hall scores
Batting: SHB Ross Holland 0-0: Called Strike
0-1: Ball
1-1: Swinging Strike
1-2: Ball
2-2: Ball
3-2: Base on Balls
Batting: RHB John Evancho 0-0: Foul Ball, location: 2F
0-1: DOUBLE (Line Drive, 7LM, EV 95.0 MPH)
Sean Foley scores
Ross Holland to third
Runner from 3rd tries for Home, SAFE, throw by LF to trailing runner, SAFE at third!
Batting: RHB Jordan Mejias 0-0: Ground out 6-3 (Groundball, 6, EV 84.4 MPH)
John Evancho scores
Batting: SHB Jared Boyce 0-0: SOLO HOME RUN (Flyball, 7LD, EV 93.1 MPH), Distance : 356 ft
Batting: RHB Victor Reyes 0-0: Ball
1-0: Ball
2-0: Called Strike
2-1: Foul Ball, location: 2F
2-2: Ball
3-2: Foul Ball, location: 2F
3-2: Ground out 4-3 (Groundball, 4, EV 88.1 MPH)
Bottom of the 4th over - 5 runs, 4 hits, 0 errors, 0 left on base; Lexington 0 - West Michigan 28
TOP OF THE 5TH
Lexington Legends batting - Pitching for West Michigan Whitecaps : RHP Ricky Tercero
Batting: RHB Ben Garrett 0-0: Ball
1-0: Ball
2-0: Ball
3-0: Called Strike
3-1: Foul Ball, location: 2F
3-2: Foul Ball, location: 2F
3-2: Ground out 4-3 (Groundball, 4, EV 89.4 MPH)
Batting: RHB Bryan Alfaro 0-0: Ball
1-0: Swinging Strike
1-1: Called Strike
1-2: Ball
2-2: Strikes out swinging
Batting: RHB Grant Conlon 0-0: Ball
1-0: SINGLE (Groundball, 34D, EV 103.1 MPH)
Batting: RHB Kunimatsu Oya 0-0: Swinging Strike
0-1: Ball
1-1: Called Strike
1-2: Strikes out looking
Top of the 5th over - 0 runs, 1 hit, 0 errors, 1 left on base; Lexington 0 - West Michigan 28
BOTTOM OF THE 5TH
West Michigan Whitecaps batting - Pitching for Lexington Legends : RHP Ron Bubar
Batting: LHB Oscar Gonzalez 0-0: Fly out, F9 (Flyball, 9S, EV 93.1 MPH)
Batting: RHB Jordan Hall 0-0: Ground out 1-3 (Groundball, 13S, EV 68.1 MPH)
Batting: RHB Tanner Purchase 0-0: Fly out, F8 (Flyball, 8RS, EV 88.1 MPH)
Bottom of the 5th over - 0 runs, 0 hits, 0 errors, 0 left on base; Lexington 0 - West Michigan 28
TOP OF THE 6TH
Lexington Legends batting - Pitching for West Michigan Whitecaps : RHP Ricky Tercero
Batting: RHB Doug Carter 0-0: Ball
1-0: Ball
2-0: Called Strike
2-1: Fly out, F9 (Flyball, 89S, EV 92.5 MPH)
Batting: RHB Andy Urquhart 0-0: Ball
1-0: Called Strike
1-1: Ball
2-1: Ball
3-1: Foul Ball, location: 2F
3-2: Foul Ball, location: 2F
3-2: Foul Ball, location: 2F
3-2: Base on Balls
Batting: RHB Pete Deschamps 0-0: Ball
1-0: Called Strike
1-1: Ball
2-1: Foul Ball, location: 2F
2-2: Foul Ball, location: 2F
2-2: Strikes out swinging
Batting: LHB Robert Wilkins 0-0: Called Strike
0-1: Ball
1-1: Swinging Strike
1-2: Ball
2-2: Ball
3-2: Strikes out swinging
Top of the 6th over - 0 runs, 0 hits, 0 errors, 1 left on base; Lexington 0 - West Michigan 28
BOTTOM OF THE 6TH
West Michigan Whitecaps batting - Pitching for Lexington Legends : RHP Ron Bubar
Batting: SHB Sean Foley 0-0: Called Strike
0-1: Fly out, F9 (Flyball, 89D, EV 90.6 MPH)
Batting: SHB Ross Holland 0-0: Called Strike
0-1: Called Strike
0-2: Ball
1-2: Ball
2-2: Ball
3-2: Foul Ball, location: 2F
3-2: Base on Balls
Batting: RHB John Evancho 0-0: Fly out, F7 (Flyball, 7LS, EV 83.1 MPH)
Batting: RHB Jordan Mejias 0-0: Fly out, F7 (Flyball, 7, EV 89.4 MPH)
Bottom of the 6th over - 0 runs, 0 hits, 0 errors, 1 left on base; Lexington 0 - West Michigan 28
TOP OF THE 7TH
Lexington Legends batting - Pitching for West Michigan Whitecaps : RHP Ricky Tercero
Batting: SHB Dan Langston 0-0: Swinging Strike
0-1: Foul Ball, location: 2F
0-2: Ball
1-2: Ground out 4-3 (Groundball, 4, EV 88.8 MPH)
Pitching: RHP Dave Frazier
Batting: RHB Ben Garrett 0-0: Called Strike
0-1: Ball
1-1: Called Strike
1-2: Ball
2-2: Ball
3-2: Strikes out swinging
Batting: RHB Bryan Alfaro 0-0: Foul Ball, location: 2F
0-1: Swinging Strike
0-2: Ball
1-2: Strikes out swinging
Top of the 7th over - 0 runs, 0 hits, 0 errors, 0 left on base; Lexington 0 - West Michigan 28
BOTTOM OF THE 7TH
West Michigan Whitecaps batting - Pitching for Lexington Legends : RHP Ron Bubar
Batting: SHB Jared Boyce 0-0: SOLO HOME RUN (Line Drive, 9LD, EV 96.9 MPH), Distance : 365 ft
Batting: RHB Victor Reyes 0-0: DOUBLE (Flyball, 8RD, EV 96.2 MPH)
Batting: LHB Oscar Gonzalez 0-0: Called Strike
0-1: Ball
Wild Pitch!
Victor Reyes to third
1-1: Ball
2-1: Foul Ball, location: 2F
2-2: Ball
3-2: Base on Balls
Batting: RHB Jordan Hall 0-0: Fly out, F8 (Flyball, 89D, EV 99.4 MPH)
Runner from 3rd tags up, SCORES, throw by CF
Batting: RHB Tanner Purchase 0-0: Called Strike
0-1: Ball
1-1: Fly out, F9 (Line Drive, 9, EV 90.6 MPH)
Batting: SHB Sean Foley 0-0: Called Strike
0-1: Fly out, F5 (Flyball, 5D, EV 85.0 MPH)
Bottom of the 7th over - 2 runs, 2 hits, 0 errors, 1 left on base; Lexington 0 - West Michigan 30
TOP OF THE 8TH
Lexington Legends batting - Pitching for West Michigan Whitecaps : RHP Dave Frazier
Batting: RHB Grant Conlon 0-0: Called Strike
0-1: Ball
1-1: Foul Ball, location: 2F
1-2: Foul Ball, location: 2F
1-2: Ball
2-2: Strikes out swinging
Batting: RHB Kunimatsu Oya 0-0: Swinging Strike
0-1: Ball
1-1: Ball
2-1: Swinging Strike
2-2: Strikes out swinging
Batting: RHB Doug Carter 0-0: Called Strike
0-1: Fly out, F3 (Flyball, 3D, EV 91.2 MPH)
Top of the 8th over - 0 runs, 0 hits, 0 errors, 0 left on base; Lexington 0 - West Michigan 30
BOTTOM OF THE 8TH
West Michigan Whitecaps batting - Pitching for Lexington Legends : RHP Ron Bubar
Batting: SHB Ross Holland 0-0: Fly out, F5 (Popup, 5S, EV 85.0 MPH)
Batting: RHB John Evancho 0-0: Called Strike
0-1: Ball
1-1: Ground out 6-3 (Groundball, 6MD, EV 84.4 MPH)
Batting: RHB Jordan Mejias 0-0: Fly out, F9 (Flyball, 9, EV 90.0 MPH)
Bottom of the 8th over - 0 runs, 0 hits, 0 errors, 0 left on base; Lexington 0 - West Michigan 30
TOP OF THE 9TH
Lexington Legends batting - Pitching for West Michigan Whitecaps : RHP Dave Frazier
Batting: RHB Andy Urquhart 0-0: Ground out 6-3 (Groundball, 6, EV 105.0 MPH)
Batting: RHB Pete Deschamps 0-0: Ball
1-0: Foul Ball, location: 2F
1-1: Fly out, F9 (Flyball, 89S, EV 71.2 MPH)
Batting: LHB Robert Wilkins 0-0: Hit by Pitch
Batting: SHB Dan Langston 0-0: Called Strike
0-1: Ball
1-1: Swinging Strike
1-2: Foul Ball, location: 2F
1-2: Ball
2-2: Ball
3-2: Foul Ball, location: 2F
3-2: Foul Ball, location: 2F
3-2: Foul Ball, location: 2F
3-2: Strikes out looking
Top of the 9th over - 0 runs, 0 hits, 0 errors, 1 left on base; Lexington 0 - West Michigan 30
Wednesday, June 22nd , 2022 - OOTP Baseball 23.4 Build 64